[Event "European Women Rapid-ch 2023"]
[Site "Monaco"]
[Date "2024.01.14"]
[Round "6.16"]
[White "Daulyte-Cornette, Deimante"]
[Black "Lezhepekova, Veronika"]
[Result "1-0"]
[ECO "B38"]
[WhiteElo "2372"]
[BlackElo "1935"]
[Annotator "RC"]
[PlyCount "83"]
[EventDate "2023.12.19"]
[EventType "swiss"]
[EventCountry "MNC"]
[SourceTitle "playchess.com"]
[Source "ChessBase"]
[SourceQuality "1"]
[TimeControl "900+10"]

1. e4 c5 2. Nf3 a6 3. c4 Nc6 4. d4 cxd4 5. Nxd4 d6 6. Nc3 g6 7. Be2 Bg7 8. Be3 Nf6 9. h3 Bd7 10. O-O O-O 11. a3 Rc8 12. Rc1 Nxd4 13. Bxd4 Bc6 14. Qc2 Qd7 15. Rcd1 b5 16. c5 Qb7 17. f3 dxc5 18. Bxc5 Nh5 19. b4 Qc7 20. Nd5 Bxd5 21. Rxd5 Qg3 22. Rxh5 gxh5 23. f4 Bd4+ 24. Kh1 Bxc5 25. bxc5 Qxa3 26. Rc1 Rc6 27. e5 Rfc8 28. Rd1 Rxc5 29. Qf5 e6 30. Qg5+ Kf8 31. Rd7 Rc1+ 32. Kh2 Ke8 33. Rd3 Qf8 34. Bxh5 R1c3 35. Rd6 R3c6 36. Rd3 a5 37. f5 exf5 38. Qxf5 Qe7 39. Rg3 Re6 40. Rg8+ Kd7 41. Qd3+ Rd6 42. Bg4+ 1-0

[Event "European Women Rapid-ch 2023"]
[Site "Monaco"]
[Date "2024.01.14"]
[Round "6.17"]
[White "Reizniece-Ozola, Dana"]
[Black "Savina, Anastasia"]
[Result "0-1"]
[ECO "A26"]
[WhiteElo "2278"]
[BlackElo "2340"]
[Annotator "RC"]
[PlyCount "172"]
[EventDate "2023.12.19"]
[EventType "swiss"]
[EventCountry "MNC"]
[SourceTitle "playchess.com"]
[Source "ChessBase"]
[SourceQuality "1"]
[TimeControl "900+10"]

1. c4 g6 2. Nc3 Bg7 3. Nf3 d6 4. g3 Nc6 5. Bg2 e5 6. O-O Be6 7. d3 h6 8. Rb1 Qd7 9. Nd5 Nd8 10. e4 c6 11. Ne3 Ne7 12. d4 exd4 13. Nxd4 Bh3 14. Ndf5 Bxf5 15. exf5 gxf5 16. Bh3 h5 17. Nxf5 Nxf5 18. Qc2 Ne6 19. Bxf5 O-O-O 20. Be3 Kb8 21. Qa4 c5 22. Qxd7 Rxd7 23. b4 Bh6 24. bxc5 Bxe3 25. fxe3 dxc5 26. Be4 h4 27. Bd5 hxg3 28. hxg3 Nd8 29. Kg2 Re7 30. Rf3 Kc7 31. Rbf1 Rh7 32. g4 Ne6 33. Rf5 b6 34. Kg3 Rg7 35. Bxe6 fxe6 36. Rh5 Rd7 37. Re5 Kd6 38. Re4 Ke7 39. Rh1 Rd2 40. a4 Ra2 41. Rh6 Rxa4 42. Rhxe6+ Kd7 43. R6e5 a5 44. g5 Ra1 45. Kg4 Rg1+ 46. Kh5 Rh1+ 47. Kg4 Rg1+ 48. Kh5 Rh1+ 49. Kg4 a4 50. Rd5+ Kc7 51. Re8 Rg1+ 52. Kh5 Rh1+ 53. Kg4 Kb7 54. Rdd8 Rg1+ 55. Kf4 Rf7+ 56. Ke5 Rxg5+ 57. Ke6 Rgg7 58. Ra8 Re7+ 59. Kf6 Rgf7+ 60. Kg6 Rxe8 61. Rxe8 Rf1 62. Rd8 a3 63. Rd2 Rb1 64. Ra2 Rb3 65. e4 Kc7 66. Kf6 Kc6 67. Ke6 b5 68. cxb5+ Kxb5 69. e5 Kb4 70. Kd5 Rb2 71. Ra1 Rd2+ 72. Kc6 a2 73. Re1 Re2 74. Rxe2 a1=Q 75. Re4+ c4 76. Kd5 Qa8+ 77. Kd4 Qa7+ 78. Kd5 Qb7+ 79. Kd4 Qb6+ 80. Kd5 Qc5+ 81. Ke6 Kb3 82. Kf6 Qf8+ 83. Kg6 Qe8+ 84. Kf6 Qf8+ 85. Kg6 Qf3 86. Rd4 Qe3 0-1

[Event "European Women Rapid-ch 2023"]
[Site "Monaco"]
[Date "2024.01.14"]
[Round "6.18"]
[White "Exler, Veronika"]
[Black "Bensdorp-De Labaca, Marlies"]
[Result "1/2-1/2"]
[ECO "C01"]
[WhiteElo "2157"]
[BlackElo "2237"]
[Annotator "TA"]
[PlyCount "101"]
[EventDate "2023.12.19"]
[EventType "swiss"]
[EventCountry "MNC"]
[SourceTitle "playchess.com"]
[Source "ChessBase"]
[SourceQuality "1"]
[TimeControl "900+10"]

1. e4 e6 2. d4 d5 3. Bd3 c5 4. exd5 exd5 5. Nf3 Nf6 6. O-O c4 7. Re1+ Be7 8. Bf1 O-O 9. b3 {[%emt 0:00:07] OK} cxb3 {[%emt 0:00:06] OK} 10. axb3 Nc6 {[%emt 0:00:02] White has an edge.} 11. c4 {[%emt 0:00:59] Inaccurate} Bg4 {[%emt 0:00:02][%cal Bc8g4,Bg4h5,Bh5g6][%mdl 32] EV=14.33. Goes to g6 (dbg)). OK} 12. Bb2 Bb4 13. Re3 {[%emt 0:01:00] OK} a6 {[%emt 0:01:48] Inaccurate} 14. Na3 {[%emt 0:02:43] OK} Rc8 15. Nc2 {[%emt 0:00:28] OK} Bd6 {[%emt 0:00:02] OK} 16. h3 {[%emt 0:00:27] Inaccurate} Bh5 {[%emt 0:00:10] OK} 17. Ba3 Bxa3 {[%emt 0:00:28] Best} 18. Rxa3 Qc7 19. Qe1 Rfe8 20. Ne5 {[%emt 0:00:28] OK} Bg6 {[%emt 0:02:03] Inaccurate} 21. Nxc6 {[%emt 0:04:22] OK} Qxc6 22. Nb4 Qd7 23. c5 {[%emt 0:02:20] OK} Rxe3 24. fxe3 {[%emt 0:00:44] Inaccurate} Qe6 {[%emt 0:01:23] The position is equal.} 25. Bd3 Re8 {[%emt 0:00:16] OK} 26. Bxg6 {[%emt 0:00:10] Best} hxg6 27. c6 {[%emt 0:00:19] OK} bxc6 {[%emt 0:00:07] OK} 28. Rxa6 {[%emt 0:00:01] Best (Easy)} Qxe3+ 29. Qxe3 Rxe3 30. Nxc6 {[%emt 0:00:23] OK} Rxb3 $11 {[%emt 0:00:13][%mdl 4096] Endgame. KRN-KRN. OK} 31. Ra8+ {[%emt 0:00:03] OK} Kh7 {[%emt 0:00:03] Best (Easy)} 32. Nd8 {[%emt 0:00:24] OK} g5 {[%emt 0:02:33] OK} 33. Nxf7 g4 {[%emt 0:01:24] OK} 34. Rh8+ {[%emt 0:00:07] OK} Kg6 35. Ne5+ {[%emt 0:00:03] OK} Kg5 {[%emt 0:00:50] OK} 36. hxg4 {[%emt 0:00:15] OK} Nxg4 37. Nxg4 Kxg4 {[%emt 0:00:02] KR-KR} 38. Rd8 {[%emt 0:00:08] OK} Kg3 {[%emt 0:00:42][%cal Rb3b1] [#]} 39. Kf1 $1 {[%emt 0:00:01] Strong} Rb5 {[%emt 0:00:25] OK} 40. Rg8 {[%emt 0:00:17] OK} Rb1+ 41. Ke2 Rb7 (41... Kxg2 42. Rxg7+ Kh3 43. Rg5) 42. Rd8 {[%emt 0:00:18] OK} Rb5 {[%emt 0:00:51] OK} 43. Rg8 {[%emt 0:00:02] OK} Rb2+ {[%emt 0:00:25] OK} ({Reject} 43... Kxg2 $6 44. Rxg7+ Kh3 45. Kf3 Rb3+ 46. Kf4 $16) 44. Kd3 {[%emt 0:00:15] OK} Rb3+ 45. Kd2 {[%emt 0:00:14] OK} Kxg2 46. Rxg7+ {[%emt 0:00:01] OK} Kf3 {[%emt 0:00:04] Best} 47. Rh7 {[%emt 0:00:16] [#] Threatening mate with Rh3+.} Kf4 48. Rh5 Ke4 {[%emt 0:00:14] OK} 49. Rh4+ {[%emt 0:00:02] OK} Kf5 {[%emt 0:00:01] Best (Easy)} 50. Rh5+ {[%emt 0:00:13] OK} Ke4 {[%emt 0:00:03] OK} 51. Rh4+ {[%emt 0:00:01] Weighted Error Value: White=0.03 (flawless) /Black=0.04 (flawless) . OK.  Inaccurate:     	White=3     	Black=2      OK:         	White=24    	Black=15     Best:        	White=2     	Black=4      Strong:       	White=1     	---} 1/2-1/2

[Event "European Women Rapid-ch 2023"]
[Site "Monaco"]
[Date "2024.01.14"]
[Round "6.19"]
[White "Collado Barbas, Laura"]
[Black "Schulze, Lara"]
[Result "0-1"]
[ECO "E32"]
[WhiteElo "2037"]
[BlackElo "2285"]
[Annotator "RC"]
[PlyCount "56"]
[EventDate "2023.12.19"]
[EventType "swiss"]
[EventCountry "MNC"]
[SourceTitle "playchess.com"]
[Source "ChessBase"]
[SourceQuality "1"]
[TimeControl "900+10"]

1. d4 Nf6 2. c4 e6 3. Nc3 Bb4 4. Qc2 O-O 5. e4 d5 6. e5 Ne4 7. Bd3 c5 8. Nf3 cxd4 9. Nxd4 Nd7 10. Bf4 Ndc5 11. O-O Nxd3 12. Qxd3 Nxc3 13. bxc3 Be7 14. Rfd1 Bd7 15. Rab1 b6 16. cxd5 exd5 17. Qf3 Be6 18. c4 Rc8 19. cxd5 Bxd5 20. Qg3 Be4 21. Ne6 fxe6 22. Rxd8 Rfxd8 23. Re1 Bf5 24. Bh6 Bf8 25. Bg5 Rd4 26. Qe3 Re4 27. h3 Rxe3 28. Rxe3 Rc2 0-1

[Event "European Women Rapid-ch 2023"]
[Site "Monaco"]
[Date "2024.01.14"]
[Round "6.20"]
[White "De Seroux, Camille"]
[Black "Movsesian, Julia"]
[Result "1-0"]
[ECO "A00"]
[WhiteElo "2075"]
[BlackElo "2257"]
[Annotator "RC"]
[PlyCount "91"]
[EventDate "2023.12.19"]
[EventType "swiss"]
[EventCountry "MNC"]
[SourceTitle "playchess.com"]
[Source "ChessBase"]
[SourceQuality "1"]
[TimeControl "900+10"]

1. Nc3 d5 2. e4 d4 3. Nce2 c5 4. Nf3 Nc6 5. Ng3 a6 6. a4 Nf6 7. Bc4 Rb8 8. d3 Bg4 9. Bf4 e5 10. Bd2 Bd6 11. h3 Bd7 12. O-O O-O 13. Nh4 Ne7 14. f4 exf4 15. Bxf4 Bxf4 16. Rxf4 Bxa4 17. Rxa4 b5 18. Rxa6 bxc4 19. Raxf6 gxf6 20. Nh5 Kh8 21. Nxf6 Ng8 22. Nxh7 Kxh7 23. Qh5+ Nh6 24. Nf5 Rb6 25. Rh4 cxd3 26. cxd3 Rg6 27. Nxh6 Qg5 28. Nf5+ Qxh5 29. Rxh5+ Kg8 30. Ne7+ Kg7 31. Nxg6 Kxg6 32. Rxc5 Rb8 33. Rc2 Kg5 34. Rf2 Rb3 35. Rd2 Rb6 36. g3 Rc6 37. Kg2 Rb6 38. Kf3 Rf6+ 39. Kg2 Rb6 40. h4+ Kg4 41. Rf2 Rb3 42. Rf4+ Kh5 43. Rxf7 Rxd3 44. Kh3 Re3 45. Re7 d3 46. Rd7 1-0

[Event "European Women Rapid-ch 2023"]
[Site "Monaco"]
[Date "2024.01.14"]
[Round "6.21"]
[White "Lazarne Vajda, Szidonia"]
[Black "Uta, Adeline-Ramona"]
[Result "1-0"]
[ECO "B22"]
[WhiteElo "2283"]
[BlackElo "2036"]
[Annotator "RC"]
[PlyCount "47"]
[EventDate "2023.12.19"]
[EventType "swiss"]
[EventCountry "MNC"]
[SourceTitle "playchess.com"]
[Source "ChessBase"]
[SourceQuality "1"]
[TimeControl "900+10"]

1. e4 c5 2. c3 Nf6 3. e5 Nd5 4. d4 cxd4 5. cxd4 e6 6. Nf3 Be7 7. Nc3 Nxc3 8. bxc3 O-O 9. Bd3 d6 10. Qc2 h6 11. Qe2 dxe5 12. Nxe5 Nd7 13. Nxd7 Qxd7 14. Qe4 f5 15. Qf3 Qc7 16. Bd2 Bd6 17. h3 Bd7 18. Qe2 e5 19. dxe5 Bxe5 20. O-O Rae8 21. Qd1 f4 22. f3 Bxc3 23. Qb3+ Kh8 24. Qxc3 1-0

[Event "European Women Rapid-ch 2023"]
[Site "Monaco"]
[Date "2024.01.14"]
[Round "6.22"]
[White "Gvetadze, Sofio"]
[Black "Piddubna, Bozhena"]
[Result "0-1"]
[ECO "C78"]
[WhiteElo "2298"]
[BlackElo "2035"]
[Annotator "RC"]
[PlyCount "157"]
[EventDate "2023.12.19"]
[EventType "swiss"]
[EventCountry "MNC"]
[SourceTitle "playchess.com"]
[Source "ChessBase"]
[SourceQuality "1"]
[TimeControl "900+10"]

1. e4 e5 2. Nf3 Nc6 3. Bb5 a6 4. Ba4 Nf6 5. d3 Bc5 6. O-O d6 7. c3 Ba7 8. h3 Bd7 9. Re1 Qe7 10. Nbd2 h6 11. Nf1 g5 12. N3h2 O-O-O 13. Ng3 Rdg8 14. Nf5 Qe8 15. Be3 Bxe3 16. Rxe3 h5 17. b4 Bxf5 18. exf5 Nd5 19. Re1 Nxc3 20. Bxc6 Qxc6 21. Qd2 Nb5 22. Rac1 Qd7 23. Rc4 g4 24. hxg4 hxg4 25. Nxg4 Qxf5 26. f3 Rg6 27. Rec1 c6 28. Qe3 Nd4 29. a4 Qg5 30. Qxg5 Rxg5 31. Kf2 f5 32. Ne3 Kd7 33. Re1 Ne6 34. Rd1 Rh2 35. Kg1 Rh6 36. Kf2 Rh8 37. Rcc1 Rh4 38. b5 Rxa4 39. bxc6+ bxc6 40. Nc4 Ra2+ 41. Rd2 Rxd2+ 42. Nxd2 Nf4 43. Rc3 Rxg2+ 44. Ke1 d5 45. Ra3 Kd6 46. Nf1 Re2+ 47. Kd1 Rf2 48. Nd2 a5 49. Kc2 Ne6 50. Kc3 Nd4 51. Ra2 Nxf3 52. Nc4+ dxc4 53. Rxf2 Nd4 54. Kxc4 Ke6 55. Kc5 f4 56. Rh2 Kf5 57. Kd6 f3 58. Rh5+ Kg4 59. Rh1 Kf4 60. Rf1 a4 61. Kc5 a3 62. Kb4 Ke3 63. Re1+ Ne2 64. Kxa3 f2 65. Rb1 Nc3 66. Rh1 Ke2 67. Kb4 Nd5+ 68. Kc5 Nf4 69. Kxc6 Kxd3 70. Kd6 e4 71. Ke5 Ng2 72. Kf5 e3 73. Ra1 Ne1 74. Ra3+ Ke2 75. Ke4 f1=Q 76. Ra2+ Kd1 77. Ra1+ Kd2 78. Ra2+ Nc2 79. Ra1 0-1

[Event "European Women Rapid-ch 2023"]
[Site "Monaco"]
[Date "2024.01.14"]
[Round "6.23"]
[White "Caku, Kler"]
[Black "Agrest, Inna"]
[Result "0-1"]
[ECO "C47"]
[WhiteElo "1744"]
[BlackElo "2287"]
[Annotator "RC"]
[PlyCount "58"]
[EventDate "2023.12.19"]
[EventType "swiss"]
[EventCountry "MNC"]
[SourceTitle "playchess.com"]
[Source "ChessBase"]
[SourceQuality "1"]
[TimeControl "900+10"]

1. e4 e5 2. Nf3 Nc6 3. d4 exd4 4. Nxd4 Nf6 5. Nc3 Bb4 6. Nxc6 bxc6 7. Bd3 O-O 8. O-O Re8 9. Bg5 h6 10. Bh4 Rb8 11. f4 Be7 12. Qf3 d5 13. e5 Nd7 14. Bf2 Nc5 15. f5 Nxd3 16. cxd3 Bf8 17. Rae1 Rxb2 18. Nd1 Rxa2 19. Qh5 Qg5 20. Qxg5 hxg5 21. Bg3 Bb4 22. Re3 Bc5 23. f6 gxf6 24. Rxf6 Ra1 25. Rf1 Rxd1 26. Rxd1 Bxe3+ 27. Kf1 Bd4 28. Rc1 c5 29. Rb1 Bf5 0-1

[Event "European Women Rapid-ch 2023"]
[Site "Monaco"]
[Date "2024.01.14"]
[Round "6.24"]
[White "Haussernot, Cecile"]
[Black "Ciarletta, Iris"]
[Result "1/2-1/2"]
[ECO "B90"]
[WhiteElo "2136"]
[BlackElo "1911"]
[Annotator "NA RC"]
[PlyCount "137"]
[EventDate "2023.12.19"]
[EventType "swiss"]
[EventCountry "MNC"]
[SourceTitle "playchess.com"]
[Source "ChessBase"]
[SourceQuality "1"]
[TimeControl "900+10"]

1. e4 c5 2. Nc3 d6 3. Nge2 Nf6 4. d4 cxd4 5. Nxd4 a6 6. h3 e5 7. Nf3 Be6 8. Ng5 Qc7 9. Nxe6 fxe6 10. g4 Nc6 11. g5 Nd7 12. Be3 b5 13. Qg4 Nd8 14. a3 Be7 15. Qf3 Nf8 16. h4 Ng6 17. h5 Nf4 18. Qg4 O-O 19. Bd3 Rc8 20. Ne2 Qa5+ 21. Bd2 Qb6 22. Nxf4 exf4 23. Bxf4 Rc7 24. Be3 Qc6 25. f4 d5 26. Qg2 Bc5 27. Bd2 d4 28. Qg4 Bd6 29. Qh4 Nb7 30. b4 Be7 31. O-O Nd6 32. f5 Nc4 33. Bf4 Rcc8 34. Bg3 Ne3 35. Rf2 h6 36. Bf4 exf5 37. exf5 Nxf5 38. Qg4 Ne3 39. Qg3 hxg5 40. Bxe3 dxe3 41. Qxe3 Rxf2 42. Qxf2 Qf6 43. Re1 Qd6 44. Qe3 Kf8 45. Bg6 Rc7 46. Qf3+ Kg8 47. Rf1 Rc8 48. h6 Qd4+ 49. Rf2 Rf8 50. Bf7+ Kh8 51. c3 Qb6 52. Qf5 gxh6 53. Qe5+ Bf6 54. Qxf6+ Qxf6 55. Rxf6 Kg7 56. Rg6+ Kxf7 57. Rxh6 Rc8 58. Rxa6 Rxc3 59. Kf2 g4 60. Kg2 Ke7 61. Ra5 Kd6 62. Rxb5 Rxa3 63. Rg5 g3 64. b5 Rb3 65. Kh3 Kc7 66. Rxg3 Rxg3+ 67. Kxg3 Kb6 68. Kf3 Kxb5 69. Ke4 1/2-1/2

[Event "European Women Rapid-ch 2023"]
[Site "Monaco"]
[Date "2024.01.14"]
[Round "6.25"]
[White "Alfano, Emilie"]
[Black "Calzetta Ruiz, Monica"]
[Result "0-1"]
[ECO "B06"]
[WhiteElo "1828"]
[BlackElo "2241"]
[Annotator "TA"]
[PlyCount "74"]
[EventDate "2023.12.19"]
[EventType "swiss"]
[EventCountry "MNC"]
[SourceTitle "playchess.com"]
[Source "ChessBase"]
[SourceQuality "1"]
[TimeControl "900+10"]

1. e4 c5 2. Nf3 g6 3. c3 d5 4. exd5 Qxd5 5. d4 Bg7 6. Na3 cxd4 7. cxd4 (7. Nb5 $14 Na6 8. Nbxd4) 7... Nf6 $11 8. Bc4 Qe4+ 9. Qe2 ({Vorzuziehen ist} 9. Be3 $11) 9... Qxe2+ $15 10. Bxe2 O-O 11. O-O Nc6 12. Bf4 Bg4 13. Rfd1 Rfd8 14. Nc2 Rac8 15. h3 Bf5 16. Bd3 (16. Nce1 $17) 16... Bxd3 $19 17. Rxd3 {[%emt 0:00:06] [#]} Nd5 $2 (17... e5 $1 $19 {[%cal Re5f4] und Schwarz behält klar die Oberhand.} 18. dxe5 Rxd3 19. exf6 Bxf6) 18. Be5 (18. Bg3 $17 {leistet mehr Widerstand.}) 18... Nxe5 {[%emt 0:00:04] Schwarz steht klar auf Gewinn.} 19. dxe5 Rxc2 20. Rad1 e6 21. Rb3 b6 22. Ra3 a5 23. Rb3 Rdc8 {[%emt 0:00:07] ...a4 ist eine echte Drohung.} 24. a3 Re2 25. Re1 Rxe1+ 26. Nxe1 Bxe5 27. Nd3 Bd4 {[%emt 0:00:07] [#] Droht ...a4 und aus.} 28. Kf1 Rc2 {[%emt 0:00:23] Und ...a4 würde nun gewinnen.} 29. Ke1 Kf8 30. Rb5 Ke7 31. Rb3 Kd6 32. g4 e5 33. f3 Rh2 34. a4 Rxh3 {[%emt 0:00:08] ...Rh1+ wäre nun fies.} 35. Ke2 Rh2+ 36. Ke1 h5 {[%emt 0:00:04] Und jetzt ...h4 wäre schön.} 37. gxh5 gxh5 {[%emt 0:00:03] Weiß schien mit der Eröffnung nicht zurechtzukommen.   Gewichteter Fehlerwert: Weiß=0.90/Schwarz=0.23 (präzise) .  Verlustzug:     	Weiß=2     	---        Gewinn verpasst:   	---       	Schwarz=1     Fehler:       	Weiß=1     	---        Ungenau:       	Weiß=1     	---        OK:         	Weiß=3     	Schwarz=7     Bester:       	Weiß=1     	Schwarz=2} 0-1

[Event "European Women Rapid-ch 2023"]
[Site "Monaco"]
[Date "2024.01.14"]
[Round "6.26"]
[White "Dubois, Martine"]
[Black "Khurtsilava, Inga"]
[Result "0-1"]
[ECO "B10"]
[WhiteElo "1799"]
[BlackElo "2186"]
[Annotator "RC"]
[PlyCount "114"]
[EventDate "2023.12.19"]
[EventType "swiss"]
[EventCountry "MNC"]
[SourceTitle "playchess.com"]
[Source "ChessBase"]
[SourceQuality "1"]
[TimeControl "900+10"]

1. e4 c6 2. Nf3 d5 3. exd5 cxd5 4. Ne5 Nc6 5. Bb5 Bd7 6. Bxc6 Bxc6 7. d4 Nf6 8. O-O e6 9. Nd2 Be7 10. Ndf3 Bb5 11. Re1 O-O 12. a4 Ba6 13. Nd3 Rc8 14. c3 Ne4 15. Nb4 Bc4 16. Ne5 a5 17. Nxc4 axb4 18. Nd2 bxc3 19. Nxe4 c2 20. Qd3 dxe4 21. Qxe4 Bb4 22. Re2 Qd5 23. Qd3 Rc4 24. Be3 Rfc8 25. Rc1 e5 26. Rexc2 Rxc2 27. Rxc2 Rxc2 28. Qxc2 exd4 29. Bd2 Bf8 30. b4 h6 31. h3 d3 32. Qd1 Qe4 33. Kf1 Bd6 34. Qf3 Qd4 35. Qd1 Qc4 36. g3 Qe4 37. f3 Qc4 38. Kg2 h5 39. h4 Qa2 40. Kh3 Qe6+ 41. Kg2 Qe5 42. f4 Qb2 43. Kh3 Qd4 44. Qe1 Kh7 45. Bc3 Qd5 46. Bd2 g6 47. Kh2 Qa2 48. Kh3 Qxa4 49. Qb1 Qd7+ 50. Kh2 Qf5 51. Qb3 Kg8 52. Qc4 Bf8 53. Qd4 Bg7 54. Qd8+ Kh7 55. Qb6 Qe4 56. Qe3 Qxe3 57. Bxe3 Bc3 0-1

[Event "European Women Rapid-ch 2023"]
[Site "Monaco"]
[Date "2024.01.14"]
[Round "6.27"]
[White "Cramling, Pia"]
[Black "Monpeurt, Cyrielle"]
[Result "1-0"]
[ECO "B38"]
[WhiteElo "2437"]
[BlackElo "2187"]
[Annotator "RC"]
[PlyCount "107"]
[EventDate "2023.12.19"]
[EventType "swiss"]
[EventCountry "MNC"]
[SourceTitle "playchess.com"]
[Source "ChessBase"]
[SourceQuality "1"]
[TimeControl "900+10"]

1. Nf3 c5 2. c4 g6 3. d4 cxd4 4. Nxd4 Bg7 5. e4 Nc6 6. Be3 d6 7. Nc3 Nf6 8. Be2 O-O 9. O-O Bd7 10. h3 Nxd4 11. Bxd4 Bc6 12. Qc2 Nd7 13. Bxg7 Kxg7 14. b4 Nf6 15. Rfd1 Qc7 16. Rac1 Rac8 17. Qb2 Kg8 18. Bd3 Qb6 19. a3 a6 20. Qd2 Qd4 21. Qe2 Qe5 22. Qe3 Nh5 23. g3 Qe6 24. b5 Bd7 25. Nd5 Rc5 26. Bf1 Nf6 27. Re1 axb5 28. Nf4 Qe5 29. Nd3 Qh5 30. Nxc5 dxc5 31. e5 Ne8 32. cxb5 b6 33. g4 Qh4 34. Red1 Be6 35. Kg2 Nc7 36. Qg3 Qh6 37. f4 Nd5 38. Kh2 Qxf4 39. Qxf4 Nxf4 40. Bc4 Ra8 41. Rc3 Ra4 42. Bxe6 Nxe6 43. Rd7 Ra5 44. a4 Rxa4 45. Rb7 Ra2+ 46. Kh1 Ra1+ 47. Kg2 Nf4+ 48. Kf3 Nd5 49. Rd3 e6 50. Kg3 Rb1 51. Rf3 c4 52. Rfxf7 c3 53. Rg7+ Kh8 54. Rgd7 1-0

[Event "European Women Rapid-ch 2023"]
[Site "Monaco"]
[Date "2024.01.14"]
[Round "7.1"]
[White "Kosteniuk, Alexandra"]
[Black "Osmak, Yuliia"]
[Result "1-0"]
[ECO "C28"]
[WhiteElo "2501"]
[BlackElo "2450"]
[Annotator "RC"]
[PlyCount "83"]
[EventDate "2023.12.19"]
[EventType "swiss"]
[EventCountry "MNC"]
[SourceTitle "playchess.com"]
[Source "ChessBase"]
[SourceQuality "1"]
[TimeControl "900+10"]

1. e4 e5 2. Bc4 Nc6 3. Nc3 Nf6 4. d3 Bb4 5. Bg5 h6 6. Bh4 g5 7. Bg3 d5 8. exd5 Nxd5 9. Qd2 Be6 10. Bb5 Qd6 11. Nge2 Nf4 12. Bxf4 gxf4 13. a3 Bxc3 14. Qxc3 O-O-O 15. Bxc6 Qxc6 16. Qxc6 bxc6 17. f3 h5 18. g3 fxg3 19. hxg3 c5 20. b3 Bd5 21. Kf2 Rh6 22. Ke3 f5 23. Rh4 Bf7 24. g4 fxg4 25. fxg4 e4 26. dxe4 c4 27. Rf1 Be8 28. bxc4 Ra6 29. gxh5 Rxa3+ 30. c3 Ra6 31. h6 Bg6 32. Nf4 Bh7 33. Nd5 Rd7 34. Rf6 Ra1 35. c5 Re1+ 36. Kd4 Rd1+ 37. Kc4 Re1 38. c6 Rd8 39. Rf7 Rxe4+ 40. Rxe4 Bxe4 41. Rxc7+ Kb8 42. Rb7+ 1-0

[Event "European Women Rapid-ch 2023"]
[Site "Monaco"]
[Date "2024.01.14"]
[Round "7.2"]
[White "Khotenashvili, Bella"]
[Black "Ushenina, Anna"]
[Result "1/2-1/2"]
[ECO "D02"]
[WhiteElo "2467"]
[BlackElo "2415"]
[Annotator "RC"]
[PlyCount "238"]
[EventDate "2023.12.19"]
[EventType "swiss"]
[EventCountry "MNC"]
[SourceTitle "playchess.com"]
[Source "ChessBase"]
[SourceQuality "1"]
[TimeControl "900+10"]

1. Nf3 d5 2. g3 Nd7 3. d4 Nb6 4. a4 a5 5. b3 Bf5 6. Nh4 Be4 7. f3 Bg6 8. Ba3 e6 9. Bxf8 Kxf8 10. Nc3 Bh5 11. Qd2 g5 12. Ng2 Qf6 13. h4 h6 14. O-O-O c5 15. hxg5 hxg5 16. dxc5 Nd7 17. Qd4 Kg7 18. g4 Bg6 19. Rxh8 Kxh8 20. e4 dxe4 21. fxe4 Qxd4 22. Rxd4 Nxc5 23. e5 Ne7 24. Bb5 Kg7 25. Ne1 Rh8 26. Nf3 Rh3 27. Be2 Nc6 28. Rc4 b6 29. Nxg5 Rh1+ 30. Kd2 Nxe5 31. Rd4 Rh2 32. Kd1 Rh1+ 33. Kd2 Rh2 34. Kd1 Rg2 35. Nge4 Nxe4 36. Nxe4 Nxg4 37. Kd2 f5 38. Nc3 Kf6 39. Rd6 f4 40. Ke1 Ne3 41. Rxb6 Nxc2+ 42. Kf1 Ne3+ 43. Ke1 Bf5 44. b4 axb4 45. Nb5 Be4 46. Nd4 Bd5 47. Rxb4 e5 48. Rb6+ Kg5 49. Nf3+ Bxf3 50. Bxf3 Nc2+ 51. Kf1 Ne3+ 52. Ke1 Ra2 53. Rb5 Kh4 54. Rxe5 Rxa4 55. Re8 Kg3 56. Bc6 Ra1+ 57. Ke2 Ra2+ 58. Kd3 Ng4 59. Rg8 Ra3+ 60. Kd2 Ra7 61. Be4 Ra5 62. Bb7 f3 63. Bxf3 Kxf3 64. Kd3 Rd5+ 65. Kc4 Rd7 66. Re8 Kf4 67. Kc3 Ne5 68. Rh8 Rc7+ 69. Kd4 Rd7+ 70. Kc5 Kg5 71. Rh1 Kf5 72. Rh5+ Kf6 73. Rh6+ Ng6 74. Rh1 Ke6 75. Rh6 Rg7 76. Kd4 Kf5 77. Rh5+ Kf4 78. Rh1 Rd7+ 79. Kc5 Rd2 80. Rf1+ Ke5 81. Re1+ Kf5 82. Rh1 Nf4 83. Rh8 Ke5 84. Re8+ Ne6+ 85. Kc4 Rd4+ 86. Kc3 Rh4 87. Kd3 Kd5 88. Kc3 Rh3+ 89. Kb4 Re3 90. Rh8 Re5 91. Kc3 Re3+ 92. Kb4 Kc6 93. Kc4 Re4+ 94. Kd3 Nc5+ 95. Kc3 Kb5 96. Rb8+ Kc6 97. Rc8+ Kd5 98. Rd8+ Ke5 99. Re8+ Ne6 100. Rh8 Rg4 101. Rh5+ Ke4 102. Rh8 Ke3 103. Rh3+ Ke4 104. Rh8 Nd4 105. Re8+ Kd5 106. Rd8+ Kc5 107. Rc8+ Nc6 108. Kd3 Kd5 109. Ke3 Re4+ 110. Kd3 Ne5+ 111. Kc3 Re3+ 112. Kd2 Ra3 113. Rd8+ Ke4 114. Kc2 Nd3 115. Rh8 Nc5 116. Re8+ Kd4 117. Rd8+ Ke3 118. Rh8 Ra2+ 119. Kc3 Ke4 1/2-1/2

[Event "European Women Rapid-ch 2023"]
[Site "Monaco"]
[Date "2024.01.14"]
[Round "7.3"]
[White "Paehtz, Elisabeth"]
[Black "Papp, Petra"]
[Result "1-0"]
[ECO "D03"]
[WhiteElo "2461"]
[BlackElo "2267"]
[Annotator "RC"]
[PlyCount "103"]
[EventDate "2023.12.19"]
[EventType "swiss"]
[EventCountry "MNC"]
[SourceTitle "playchess.com"]
[Source "ChessBase"]
[SourceQuality "1"]
[TimeControl "900+10"]

1. d4 Nf6 2. Nf3 g6 3. Bg5 Bg7 4. Nbd2 O-O 5. c3 d5 6. e3 c5 7. Be2 Nc6 8. O-O Qb6 9. Qb3 Be6 10. Qa3 Ne4 11. Nxe4 dxe4 12. Nd2 h6 13. Bf4 g5 14. Bg3 cxd4 15. Nxe4 dxe3 16. Nc5 Bf5 17. fxe3 Bg6 18. Rad1 Rfd8 19. Bf3 e6 20. Nd7 Qb5 21. Rf2 Ne5 22. Bxe5 Rxd7 23. Rxd7 Qxd7 24. Qd6 Rd8 25. Rd2 Qxd6 26. Rxd6 Rxd6 27. Bxd6 b5 28. Be2 Bb1 29. Bxb5 Bxa2 30. Bc5 a5 31. Bb6 Bf8 32. Bxa5 Bc5 33. Kf2 f5 34. Ke2 Bd5 35. g3 h5 36. Bd8 g4 37. b4 Bd6 38. Kf2 Be4 39. Bd7 e5 40. Be8 f4 41. exf4 exf4 42. Bxh5 Be5 43. gxf4 Bxc3 44. b5 Bf3 45. b6 Kg7 46. Bc7 Kf6 47. h3 Kf5 48. Bxg4+ Bxg4 49. hxg4+ Kxg4 50. b7 Bd4+ 51. Ke2 Ba7 52. b8=Q 1-0

[Event "European Women Rapid-ch 2023"]
[Site "Monaco"]
[Date "2024.01.14"]
[Round "7.4"]
[White "Charkhalashvili, Inga"]
[Black "Stefanova, Antoaneta"]
[Result "0-1"]
[ECO "D48"]
[WhiteElo "2239"]
[BlackElo "2431"]
[Annotator "RC"]
[PlyCount "88"]
[EventDate "2023.12.19"]
[EventType "swiss"]
[EventCountry "MNC"]
[SourceTitle "playchess.com"]
[Source "ChessBase"]
[SourceQuality "1"]
[TimeControl "900+10"]

1. d4 d5 2. c4 c6 3. Nc3 Nf6 4. Nf3 a6 5. e3 e6 6. Bd3 dxc4 7. Bxc4 b5 8. Bd3 c5 9. O-O Bb7 10. Qe2 Nbd7 11. Rd1 Qc7 12. h3 Be7 13. dxc5 Nxc5 14. Bc2 O-O 15. a3 Nce4 16. Bd2 Nxd2 17. Nxd2 b4 18. axb4 Bxb4 19. Qc4 Qe7 20. Qh4 h6 21. Nc4 a5 22. Ne5 Rac8 23. Nd7 Rfd8 24. Nxf6+ Qxf6 25. Qxf6 gxf6 26. Rxd8+ Rxd8 27. Be4 Ba6 28. Bc6 Rc8 29. Bb5 Bb7 30. Na4 f5 31. b3 Be4 32. Bc4 Rd8 33. Nb6 Bc2 34. Rc1 Rd2 35. Na8 Bc3 36. Nc7 Bb2 37. Rf1 Bd3 38. Bxd3 Rxd3 39. Rb1 Rxb3 40. Na6 Rb5 41. Nc5 Rb8 42. Na4 Be5 43. Rc1 Bd6 44. Rc6 Rb1+ 0-1